 Dungeon Crawl Stone Soup version 0.29-a0-398-ge13fd1374b (webtiles) character file.

Game seed: 12347780338032315876

2747 croobank the Covert (level 9, -2/74 HPs)
             Began as a Gnoll Delver on May 12, 2022.
             Was an Initiate of Gozag.
             Slain by an orc warrior
             ... wielding a +0 flail
              (13 damage)
             ... on level 8 of the Dungeon.
             The game lasted 00:40:33 (8448 turns).

croobank the Covert (Gnoll Delver)                  Turns: 8448, Time: 00:40:34

Health: -2/74      AC:  6    Str: 11    XL:     9   Next: 68%
Magic:  15/15      EV: 14    Int: 14    God:    Gozag
Gold:   364        SH:  5    Dex: 14    Spells: 2/17 levels left

rFire   + . .      SeeInvis .   a - +1 flail (holy)
rCold   . . .      Faith    .   (no shield)
rNeg    . . .      Spirit   .   j - +2 troll leather armour {Pargi}
rPois   .          Reflect  +   (no helmet)
rElec   .          Harm     .   (no cloak)
rCorr   .          Rampage  .   (no gloves)
Will    +....                   (no boots)
Stlth   ++++......              l - amulet of reflection
HPRegen 1.02/turn               t - ring of willpower
MPRegen 0.14/turn               x - ring of protection from fire

@: on berserk cooldown, slowed, studying Throwing, very slow
A: fangs 1, strong nose, distributed training
a: Renounce Religion, Potion Petition, Call Merchant, Bribe Branch


You were on level 8 of the Dungeon.
You worshipped Gozag.
Gozag was aware of your devotion.
You visited 2 branches of the dungeon, and saw 10 of its levels.

You collected 475 gold pieces.
You paid 111 gold pieces to Gozag.

Inventory:

Hand Weapons
 a - a +1 flail of holy wrath (weapon)
 b - a +1 hunting sling of freezing
 m - a +1 dagger of electrocution
 p - a +0 quarterstaff of holy wrath
 r - a +0 hand axe of flaming
 u - a +0 dagger of speed
 M - a +0 club
 O - a +0 battleaxe
Missiles
 e - 431 stones (quivered)
 n - 3 atropa-tipped darts
 v - 3 silver boomerangs
 L - 5 poisoned darts
Armour
 d - a +0 ring mail
 g - a +0 scale mail
 j - a +2 troll leather armour (worn) {Pargi}
 q - a +0 leather armour
 s - a +0 plate armour
Magical Staves
 i - a staff of death
Jewellery
 l - an amulet of reflection (around neck)
 t - a ring of willpower (left hand)
 x - a ring of protection from fire (right hand)
 E - an amulet of the acrobat
Wands
 k - a wand of acid (11)
 o - a wand of flame (10)
 y - a wand of paralysis (7)
 B - a wand of polymorph (13)
 J - a wand of digging (3)
Scrolls
 c - 3 scrolls of fog
 f - 2 scrolls of teleportation
 h - 3 scrolls of immolation
 K - a scroll of brand weapon
 Q - a scroll of fear
 R - a scroll of enchant weapon {unknown}
Potions
 A - 5 potions of curing
 C - a potion of ambrosia
 D - 2 potions of invisibility {unknown}
 F - 2 potions of brilliance {unknown}
 H - 2 potions of haste
 P - a potion of mutation {unknown}


   Skills:
 + Level 8.0 Fighting
 + Level 4.5 Short Blades
 + Level 4.5 Long Blades
 + Level 6.5 Axes
 + Level 4.5 Maces & Flails
 + Level 4.5 Polearms
 + Level 4.5 Staves
 + Level 4.5 Slings
 + Level 4.5 Bows
 + Level 4.5 Crossbows
 + Level 5.6 Throwing
 + Level 4.5 Armour
 + Level 6.5 Dodging
 + Level 10.6 Stealth
 + Level 4.5 Shields
 + Level 4.5 Unarmed Combat
 + Level 4.5 Spellcasting
 + Level 3.7 Conjurations
 + Level 3.7 Hexes
 + Level 3.7 Summonings
 + Level 3.7 Necromancy
 + Level 3.7 Translocations
 + Level 3.7 Transmutations
 + Level 3.7 Fire Magic
 + Level 3.7 Ice Magic
 + Level 3.7 Air Magic
 + Level 3.7 Earth Magic
 + Level 3.7 Poison Magic
 + Level 4.9 Invocations
 + Level 4.5 Evocations


You had 2 spell levels left.
You knew the following spells:

 Your Spells              Type           Power      Damage    Failure   Level
a - Frozen Ramparts       Ice            26%        1d4       16%         3
b - Mephitic Cloud        Conj/Pois/Air  13%        N/A       16%         3
c - Stone Arrow           Conj/Erth      26%        3d8       16%         3
d - Summon Ice Beast      Ice/Summ       13%        N/A       45%         4
e - Passwall              Tmut/Erth      10%        N/A       8%          2

Your spell library contained the following spells:

 Spells                   Type           Power      Damage    Failure   Level
 Magic Dart               Conj           52%        1d5       4%          1
 Sandblast                Erth           26%        2d8       4%          1
 Sting                    Tmut/Pois      52%        1d5       4%          1
 Call Imp                 Summ           13%        N/A       8%          2
 Poisonous Vapours        Pois/Air       26%        N/A       8%          2
 Ice Form                 Ice/Tmut       13%        N/A       45%         4
 Olgreb's Toxic Radiance  Pois           13%        N/A       45%         4


Dungeon Overview and Level Annotations

Branches:
Dungeon (9/15)             Temple (1/1) D:6
   Lair: D:8-11         Orc: D:9-12

Altars:
Ashenzari
Cheibriados
Dithmenos
Elyvilon
Fedhas
Gozag
Kikubaaqudgha
Nemelex Xobeh
Okawaru
Qazlal
Sif Muna
Trog
Uskayaw
Vehumet
Wu Jian
Xom
Yredelemnul
Zin

Portals:
Abyss: D:3

Annotations:
D:3 1 runed translucent door, 2 transporters, Crazy Yiuf; HendSelp's ghost, amateur DrTm
D:4 Sigmund


Innate Abilities, Weirdness & Mutations

You have very sharp teeth.
Your uncanny sense of smell can sniff out nearby items.
Your experience applies equally to all skills.


Message History

You easily resist.
You sock the orc priest!
The orc priest is severely wounded.
The orc warrior hits you with a +0 flail.
The orc closely misses you. You block the orc priest's attack.
The orc warrior hits you but does no damage.
The orc hits you but does no damage. The orc priest misses you.
You hit the orc priest but do no damage.
The orc priest is severely wounded.
The orc warrior hits you with a +0 flail!
The orc hits you with a +0 whip.
The orc priest hits you but does no damage.
You hit the orc priest but do no damage.
You punch the orc priest.
The orc priest is severely wounded.
The orc warrior misses you. You block the orc's attack.
The orc priest calls down the wrath of Beogh upon you.
Beogh smites you!
* * * LOW HITPOINT WARNING * * *
A red film seems to cover your vision as you go berserk!
You feel yourself moving faster!
You feel mighty!
The orc warrior hits you with a +0 flail!
* * * LOW HITPOINT WARNING * * *
The orc misses you.
The orc priest calls down the wrath of Beogh upon you.
Beogh smites you!
* * * LOW HITPOINT WARNING * * *
You feel a strong urge to attack something.
The orc priest completely misses you.
You see here a +0 quarterstaff.
You feel your anger nearly subside.
You are no longer berserk.
You are exhausted.
You feel yourself slow down.
The orc priest calls upon Beogh to heal the orc warrior.
The orc warrior is healed somewhat.
There is a stone staircase leading down, spattered with blood here.
The orc warrior hits you with a +0 flail!
You die...
Your body crumbles into a pile of gold.

#######.#
#.......##..........#
.##.....#
#.#####.##.####...#.#
..#.#######.# #.##.#
##.##.# ....######.o#
#....# #.##.###
............# #.####
#.##.##.
....#######.#####.#
#.##.#.. ..#.#
#.o.....# #.##....
....# #.##.#o##
#.####.. #####
#.##[#@###### #.# ##.
.# #.##........####.#
#. .#
#.####.####......# #.
.# #####.####.#
######## #. .#
#.......##.## ## .#
##.#.###.#...########
.# #....#
#............# .#
#..#.###.....######.#
.# #..#......#.##
#.########


You could see an orc warrior.

Vanquished Creatures
  2 steam dragons
  2 water moccasins (D:7)
  Pargi (D:3)
  An orc warrior (D:8)
  A sky beast (D:6)
  3 ice beasts
  2 ogres
  A phantom (D:5)
  4 necrophages
  A bullfrog (D:8)
  3 scorpions
  2 killer bees
  2 howler monkeys
  5 orc priests
  4 hounds
  A jelly (D:6)
  A gnoll shaman (D:6)
  5 iguanas
  Terence (D:3)
  Natasha (thrice) (D:2)
  An orc wizard (D:5)
  8 gnolls
  10 adders
  2 white imps
  An ufetubus (D:7)
  A worm (D:3)
  4 dart slugs
  15 orcs
  3 ball pythons
  8 bats
  3 endoplasms
  6 giant cockroaches
  6 goblins
  7 hobgoblins
  3 jackals (D:3)
  4 kobolds
  3 quokkas
  2 frilled lizards (D:1)
  5 rats
137 creatures vanquished.

Vanquished Creatures (others)
  A fungus (D:3)
  4 plants (D:6)
  7 withered plants (D:6)
12 creatures vanquished.

Grand Total: 149 creatures vanquished

Notes
Turn   | Place    | Note
-------+----------+-------------------------------------------
     0 | D:5      | Reached skill level 9 in Stealth
     0 | D:5      | croobank the Gnoll Delver began the quest for the Orb.
     0 | D:5      | Reached XP level 1. HP: 23/23 MP: 1/1
     7 | D:5      | Noticed an iguana
    17 | D:5      | Noticed a scorpion
   109 | D:6      | Noticed a sky beast
   152 | D:5      | Noticed an ice beast
   154 | D:5      | Noticed an iguana
   155 | D:5      | Noticed an ice beast
   187 | D:3      | Noticed a necrophage
   478 | D:3      | Found a runed translucent door.
   479 | D:3      | Noticed Crazy Yiuf
   532 | D:3      | Reached XP level 2. HP: 29/29 MP: 2/2
   532 | D:3      | Noticed Terence
   560 | D:3      | Killed Terence
   561 | D:3      | Reached skill level 1 in Invocations
   561 | D:3      | Reached XP level 3. HP: 18/35 MP: 2/4
   609 | D:3      | Noticed Pargi
   725 | D:2      | Reached skill level 1 in Short Blades
   725 | D:2      | Reached skill level 1 in Long Blades
   725 | D:2      | Reached skill level 1 in Maces & Flails
   725 | D:2      | Reached skill level 1 in Polearms
   725 | D:2      | Reached skill level 1 in Staves
   725 | D:2      | Reached skill level 1 in Slings
   725 | D:2      | Reached skill level 1 in Bows
   725 | D:2      | Reached skill level 1 in Crossbows
   725 | D:2      | Reached skill level 1 in Throwing
   725 | D:2      | Reached skill level 1 in Armour
   725 | D:2      | Reached skill level 1 in Shields
   725 | D:2      | Reached skill level 1 in Unarmed Combat
   725 | D:2      | Reached skill level 1 in Spellcasting
   725 | D:2      | Reached skill level 1 in Evocations
   742 | D:2      | Reached XP level 4. HP: 38/41 MP: 5/5
   829 | D:2      | Noticed Natasha
   837 | D:2      | Killed Natasha
   874 | D:2      | Noticed Natasha
   898 | D:2      | Killed Natasha
   899 | D:2      | Reached skill level 1 in Conjurations
   899 | D:2      | Reached skill level 1 in Hexes
   899 | D:2      | Reached skill level 1 in Summonings
   899 | D:2      | Reached skill level 1 in Necromancy
   899 | D:2      | Reached skill level 1 in Translocations
   899 | D:2      | Reached skill level 1 in Transmutations
   899 | D:2      | Reached skill level 1 in Fire Magic
   899 | D:2      | Reached skill level 1 in Ice Magic
   899 | D:2      | Reached skill level 1 in Air Magic
   899 | D:2      | Reached skill level 1 in Earth Magic
   899 | D:2      | Reached skill level 1 in Poison Magic
  1206 | D:1      | Reached XP level 5. HP: 27/47 MP: 6/6
  2647 | D:2      | Noticed Natasha
  2656 | D:2      | Killed Natasha
  2942 | D:3      | Found a transporter.
  2946 | D:3      | Found a transporter.
  3151 | D:3      | Reached XP level 6. HP: 52/53 MP: 8/8
  3262 | D:3      | Noticed a toenail golem
  3327 | D:3      | Found a one-way gate to the infinite horrors of the Abyss.
  3332 | D:3      | Noticed HendSelp's ghost (amateur DrTm)
  3359 | D:3      | Killed Pargi
  3360 | D:3      | Reached skill level 5 in Axes
  3360 | D:3      | Reached skill level 5 in Dodging
  3799 | D:3      | Killed an ice beast
  3800 | D:3      | Reached XP level 7. HP: 60/60 MP: 10/10
  4053 | D:4      | Noticed Sigmund
  4131 | D:4      | You fall into a shaft and drop 1 floor!
  4550 | D:5      | Reached skill level 10 in Stealth
  4641 | D:5      | Reached XP level 8. HP: 67/67 MP: 12/12
  4990 | D:6      | Found a broken altar of Ashenzari.
  4994 | D:6      | Saw a vision of the Shoals and the Spider Nest.
  4994 | D:6      | Noticed a sea snake
  4994 | D:6      | Noticed a merfolk
  4994 | D:6      | Noticed a merfolk siren
  4994 | D:6      | Noticed a sea snake
  4994 | D:6      | Noticed a merfolk
  4994 | D:6      | Noticed a sea snake
  4994 | D:6      | Noticed a merfolk
  4994 | D:6      | Noticed a wind drake
  4994 | D:6      | Noticed a wolf spider
  4995 | D:6      | Noticed a merfolk
  4996 | D:6      | Noticed a merfolk
  5082 | D:6      | Found an ornate altar of the Wu Jian Council.
  5217 | D:6      | Found a staircase to the Ecumenical Temple.
  5241 | Temple   | Entered the Ecumenical Temple
  5351 | D:6      | Found an ancient bone altar of Kikubaaqudgha.
  5351 | D:6      | Found a blossoming altar of Fedhas.
  5632 | D:6      | Reached XP level 9. HP: 20/72 MP: 14/14
  6668 | D:7      | Found an opulent altar of Gozag.
  6674 | D:7      | Became a worshipper of Gozag Ym Sagoz the Greedy
  6701 | D:7      | Reached skill level 5 in Throwing
  7658 | D:8      | Learned a level 3 spell: Frozen Ramparts
  7662 | D:8      | Learned a level 3 spell: Mephitic Cloud
  7666 | D:8      | Learned a level 3 spell: Stone Arrow
  7671 | D:8      | Learned a level 4 spell: Summon Ice Beast
  7674 | D:8      | Learned a level 2 spell: Passwall
  7899 | D:8      | Identified a scroll of acquirement
  7899 | D:8      | Acquired a Young Poisoner's Handbook
  8440 | D:8      | HP: 4/111 [orc priest/divine providence (11)]
  8448 | D:8      | Slain by an orc warrior

Illustrated notes

Levels and vault maps discovered:
D:1:      minmay_arrival_checkered_box, layout_loops_ring, st_stairs_14,
          bh_walls_and_bars
D:2:      layout_rooms, minmay_statues_item, minmay_door_square,
          minmay_pentomino_z2, uniq_natasha
D:3:      layout_rooms, gammafunk_ghost_abyssal_escape, uniq_terence,
          uniq_pargi, uniq_crazy_yiuf_cottage
D:4:      layout_loops_ring, nicolae_ru_path_of_blood, st_stairs_11,
          glass_columns_a, uniq_sigmund, uniq_eustachio, uniq_robin
D:5:      layout_loops_ring, grunt_ministairs_11, nrook_mini_backslash
D:6:      layout_loops_ring, grunt_temple_overflow_growth_and_decay,
          grunt_ashenzari_visionary [grunt_ashenzari_visionary_shoals,
          grunt_ashenzari_visionary_spider], lemuel_coloured_pillars_altar,
          minmay_temple_entry_overgrown, hex_large, minmay_increasing_density
D:7:      layout_basic, grunt_gozag_statues, st_stairs_7
D:8:      layout_loops_ring, grunt_ministairs_11
D:9:      cheibrodos_grave_circle, layout_gridville,
          chequers_temple_overflow_statue_of_worship, amcnicky_mini_pool_small,
          uniq_joseph
Temple:   cyrus_circular_temple

Skill      XL: |  1  2  3  4  5  6  7  8  9 |
---------------+----------------------------+-----
Stealth        | 10 | 10.6
Invocations    | 1 2 3 4 |  4.9
Short Blades   | 1 2 3 4 |  4.5
Long Blades    | 1 2 3 4 |  4.5
Maces & Flails | 1 2 3 4 |  4.5
Polearms       | 1 2 3 4 |  4.5
Staves         | 1 2 3 4 |  4.5
Slings         | 1 2 3 4 |  4.5
Bows           | 1 2 3 4 |  4.5
Crossbows      | 1 2 3 4 |  4.5
Throwing       | 1 2 4 5 |  5.6
Armour         | 1 2 3 4 |  4.5
Shields        | 1 2 3 4 |  4.5
Unarmed Combat | 1 2 3 4 |  4.5
Spellcasting   | 1 2 3 4 |  4.5
Evocations     | 1 2 3 4 |  4.5
Conjurations   | 1 2 3 |  3.7
Hexes          | 1 2 3 |  3.7
Summonings     | 1 2 3 |  3.7
Necromancy     | 1 2 3 |  3.7
Translocations | 1 2 3 |  3.7
Transmutations | 1 2 3 |  3.7
Fire Magic     | 1 2 3 |  3.7
Ice Magic      | 1 2 3 |  3.7
Air Magic      | 1 2 3 |  3.7
Earth Magic    | 1 2 3 |  3.7
Poison Magic   | 1 2 3 |  3.7
Axes           | 5 6 |  6.5
Dodging        | 5 6 |  6.5
Fighting       | 7 8 |  8.0

Action                   |  1- 3 |  4- 6 |  7- 9 || total
-------------------------+-------+-------+-------++-------
Melee: Hand axe          |    39 |   184 |    84 ||   307
       Bite              |     2 |    17 |    54 ||    73
       Punch             |     1 |     4 |    11 ||    16
       Flail             |       |    21 |   309 ||   330
 Fire: Hunting sling     |       |       |     7 ||     7
Throw: Dart              |       |     4 |       ||     4
       Throwing net      |       |     1 |       ||     1
 Cast: Stone Arrow       |       |       |     2 ||     2
       Frozen Ramparts   |       |       |     1 ||     1
Evoke: Wand              |     3 |       |    10 ||    13
  Use: Scroll            |     3 |     7 |    11 ||    21
       Potion            |     2 |     2 |     3 ||     7
 Stab: Sleeping          |     2 |    12 |    11 ||    25
       Distracted        |       |     1 |       ||     1
       Paralysed         |       |       |    10 ||    10
Armor: Leather armour    |     4 |     5 |       ||     9
       Scale mail        |       |    50 |       ||    50
       Troll leather arm |       |     4 |    74 ||    78
       Plate armour      |       |       |    26 ||    26
Dodge: Dodged            |    24 |   130 |   265 ||   419
Block: Other             |       |    27 |    82 ||   109
       Reflection        |       |       |     2 ||     2

Table legend: (Time is in decaauts)
 A = Elapsed time spent in this place.
 B = Non-inter-level travel time spent in this place.
 C = Inter-level travel time spent in this place.
 D = Time resting spent in this place.
 E = Time spent auto-exploring this place.
 F = Levels seen in this place.
 G = Mean time per level.
                   A        B        C        D        E       F      G
               +--------+--------+--------+--------+--------+-----+--------+
         Total |   8555 |   8190 |    365 |   1995 |   4030 |  10 |  855.5 |
       Dungeon |   8462 |   8106 |    356 |   1954 |   3996 |   9 |  940.2 |
        Temple |     92 |     83 |      9 |     41 |     34 |   1 |   92.0 |
               +--------+--------+--------+--------+--------+-----+--------+

Top non-repeatable levels by time:
     D:3: 1436 daAuts
     D:7: 1298 daAuts
     D:1: 1255 daAuts
     D:6: 1141 daAuts
     D:2: 1032 daAuts
     D:5: 996 daAuts
     D:8: 995 daAuts
     D:4: 288 daAuts
  Temple: 92 daAuts
     D:9: 18 daAuts
